Map: [ESL] Altitude

Players

RiSky

  • Race: Zerg Zerg
  • League: Master
  • Spawn Location: 7:00

DnS - Winner!

  • Race: Protoss Protoss
  • Spawn Location: 1:00

Event: HomeStory Cup XXIII

VOD

Have the link to the VOD?

Description

Time

  • Played on: July 1, 2023, 9:03 a.m.
  • Length: 14:35

All games in this series

Show
View Real Time Build Order
Export as new Build Order

RiSky Zerg 

Build Orders: Hatch First 

Get SALT Encoding   

  12  0:00  Drone  
  13  0:12  Overlord  
  13  0:17  Drone  
  14  0:30  Drone  
  15  0:44  Drone x2  
  17  0:53  Hatchery  
  17  0:56  Drone  
  17  1:00  Drone  
  18  1:11  Extractor  
  18  1:17  Spawning Pool  
  16  1:19  Drone  
  16  1:23  Drone  
  18  1:27  Drone  
  19  1:38  Drone  
  20  1:49  Overlord  
  20  2:05  Queen x2, Zergling x4  
  26  2:13  Drone  
  26  2:15  Metabolic Boost  
  27  2:17  Drone  
  27  2:22  Drone  
  29  2:28  Drone  
  30  2:33  Drone  
  31  2:42  Hatchery  
  30  2:49  Queen  
  32  2:54  Overlord  
  31  2:59  Zergling x2  
  31  3:01  Drone x2  
  31  3:05  Zergling x2  
  35  3:14  Drone  
  35  3:17  Drone  
  35  3:18  Drone  
  38  3:20  Zergling x2  
  38  3:21  Zergling x6  
  42  3:33  Overlord  
  41  3:37  Queen  
  41  3:39  Spore Crawler  
  41  3:41  Zergling x4  
  43  3:42  Overlord  
  43  3:45  Drone  
  44  3:55  Spore Crawler  
  42  3:57  Drone  
  42  3:58  Drone  
  42  4:00  Drone  
  42  4:03  Drone x2  
  42  4:04  Drone x2  
  42  4:07  Drone  
  42  4:09  Drone  
  48  4:10  Drone  
  48  4:14  Drone  
  48  4:15  Drone  
  51  4:23  Drone  
  53  4:24  Drone  
  53  4:25  Spore Crawler  
  53  4:27  Drone x2  
  53  4:30  Queen  
  56  4:35  Drone  
  56  4:36  Drone  
  56  4:37  Drone  
  56  4:38  Drone  
  59  4:40  Drone  
  59  4:44  Overlord x2  
  60  4:49  Overlord  
  57  4:54  Overlord  
  57  4:58  Drone, Roach Warren  
  57  5:02  Overlord  
  57  5:03  Overlord  
  57  5:04  Drone x2  
  59  5:07  Drone  
  59  5:08  Zergling x4  
  59  5:09  Zergling x2  
  59  5:11  Zergling x2  
  59  5:12  Zergling x2  
  59  5:13  Zergling x2  
  67  5:14  Zergling x2  
  67  5:20  Spore Crawler  
  65  5:30  Drone  
  65  5:31  Drone x6  
  73  5:35  Drone x2  
  75  5:44  Lair  
  75  5:48  Hatchery  
  75  5:49  Drone x2  
  76  5:51  Drone  
  76  5:53  Drone  
  76  5:57  Drone  
  76  6:00  Drone x5  
  76  6:03  Drone x2  
  81  6:04  Drone x2  
  81  6:10  Extractor, Drone x2, Evolution Chamber  
  83  6:11  Drone x2  
  83  6:14  Extractor x2, Drone  
  83  6:15  Drone  
  85  6:22  Roach x2  
  85  6:24  Roach  
  91  6:32  Roach  
  95  6:33  Roach  
  95  6:34  Extractor, Overlord  
  94  6:40  Roach x2  
  94  6:41  Overlord x3  
  94  6:43  Zergling x2  
  94  6:46  Zergling x10  
  104  6:52  Glial Reconstitution  
  104  6:54  Zergling x2  
  105  6:58  Zerg Missile Weapons Level 1  
  105  7:02  Zergling x8  
  105  7:05  Zergling x4  
  105  7:06  Zergling x2  
  112  7:09  Drone x2  
  112  7:11  Drone x2  
  116  7:17  Zergling x4  
  116  7:21  Overlord x2  
  118  7:24  Zergling x4, Baneling Nest  
  118  7:25  Spore Crawler  
  111  7:32  Zergling x4  
  111  7:34  Zergling x8  
  101  7:40  Zergling x4  
  101  7:41  Zergling x6  
  101  7:43  Zergling x2  
  100  7:44  Queen x2  
  100  7:48  Zergling x2  
  100  7:49  Zergling x8  
  100  7:50  Queen  
  100  7:51  Queen  
  108  7:56  Roach x2  
  110  7:59  Roach  
  110  8:02  Roach x4  
  110  8:05  Roach x3  
  126  8:06  Roach x2  
  126  8:07  Centrifugal Hooks  
  130  8:18  Roach  
  130  8:19  Roach x3  
  138  8:20  Queen x2  
  138  8:22  Roach  
  138  8:24  Roach  
  138  8:26  Queen  
  148  8:29  Roach x2  
  148  8:31  Overlord  
  148  8:33  Overlord x2  
  150  8:38  Overlord x2  
  150  8:39  Overlord  
  150  8:41  Overlord  
  149  8:54  Zergling x10  
  154  8:56  Overseer  
  154  8:57  Zergling x2  
  154  9:02  Zergling x10, Zerg Melee Weapons Level 1  
  160  9:07  Zergling x6  
  163  9:10  Zergling x8  
  166  9:20  Zergling x6  
  166  9:21  Ravager x2  
  166  9:23  Baneling x15  
  166  9:24  Baneling x23  
  171  9:25  Baneling, Zergling x2  
  171  9:29  Zergling x4  
  171  9:31  Zergling x14  
  177  9:34  Zergling x2  
  177  9:35  Zergling x6  
  185  9:42  Zergling x4  
  181  9:48  Drone x2, Infestation Pit  
  182  9:54  Drone  
  182  9:55  Baneling x4  
  182  9:57  Drone x3  
  186  10:00  Drone x2  
  186  10:01  Drone  
  186  10:02  Ravager x2  
  186  10:03  Hatchery, Baneling  
  186  10:04  Baneling x6  
  186  10:05  Drone  
  191  10:08  Drone x3  
  191  10:11  Extractor, Zergling x4  
  191  10:12  Extractor, Hatchery  
  193  10:15  Zergling x2  
  193  10:16  Zergling x6  
  193  10:20  Zergling x4  
  199  10:33  Hive  
  197  10:49  Zergling x2  
  196  10:50  Zergling x10  
  196  10:52  Baneling x23  
  196  10:53  Baneling  
  196  11:07  Zergling x16  
  178  11:11  Zergling x16  
  178  11:12  Zergling x6  
  173  11:19  Zergling x4  
  173  11:24  Zergling x12  
  181  11:28  Zerg Melee Weapons Level 2  
  181  11:30  Zergling x10  
  186  11:36  Extractor  
  186  11:38  Extractor  
  184  11:40  Zergling x2  
  184  11:41  Zergling x8  
  184  11:43  Zergling x2  
  184  11:45  Viper  
  184  11:46  Viper  
  196  11:51  Zergling x8  
  200  11:59  Spore Crawler  
  200  12:00  Spore Crawler x2  
  200  12:01  Drone x3  
  193  12:31  Adrenal Glands  
  193  12:35  Zergling x2  
  193  12:36  Zergling x12  
  199  12:41  Zergling x6  
  194  12:45  Zergling x24  
  194  12:49  Zergling x4  
  184  12:55  Zergling x8  
  184  12:56  Zergling x4  
  182  13:01  Zergling x4  
  182  13:04  Baneling  
  182  13:05  Roach x3  
  185  13:08  Baneling x46  
  186  13:12  Zergling x2  
  186  13:13  Zergling x6  
  186  13:16  Ravager  
  186  13:17  Zergling x2  
  187  13:20  Zergling x8  
  187  13:24  Zergling x6  
  194  13:29  Zergling x2  
  194  13:32  Ravager x2  
  194  13:33  Zergling x4  
  198  13:39  Baneling x12  
  191  13:47  Zergling x12  
  178  13:54  Roach x6  
  164  13:59  Roach x3  
  154  14:03  Zergling x4  
  154  14:05  Zergling x2  
  138  14:13  Roach  
  138  14:14  Roach x2  
Show
View Real Time Build Order
Export as new Build Order

DnS Protoss - Winner!

Build Orders: 1 Gate Expand, Oracle Opening 

Get SALT Encoding   

  12  0:00  Probe  
  13  0:12  Probe  
  14  0:19  Pylon  
  14  0:24  Probe  
  15  0:37  Probe (Chrono Boost)  
  15  0:40  Gateway  
  16  0:47  Probe (Chrono Boost)  
  17  0:50  Assimilator  
  17  0:53  Probe  
  18  1:05  Probe  
  19  1:17  Probe  
  20  1:28  Nexus  
  20  1:38  Cybernetics Core  
  20  1:42  Probe  
  21  1:49  Assimilator  
  21  1:54  Probe  
  22  1:57  Pylon  
  22  2:06  Probe (Chrono Boost)  
  23  2:12  Adept (Chrono Boost)  
  25  2:18  Probe (Chrono Boost)  
  25  2:21  Stargate  
  26  2:23  Probe (Chrono Boost)  
  26  2:28  Warp Gate  
  27  2:32  Probe  
  27  2:36  Adept (Chrono Boost)  
  28  2:42  Probe  
  31  2:44  Probe  
  32  2:54  Probe  
  32  2:56  Probe  
  34  3:02  Adept  
  34  3:05  Oracle (Chrono Boost)  
  36  3:06  Probe  
  36  3:08  Probe  
  41  3:17  Pylon  
  41  3:18  Probe  
  42  3:20  Probe  
  43  3:30  Probe  
  43  3:33  Probe  
  45  3:36  Oracle (Chrono Boost)  
  46  3:42  Probe  
  46  3:44  Gateway  
  46  3:45  Probe  
  48  3:54  Probe  
  49  3:57  Probe  
  50  4:06  Probe  
  50  4:08  Pylon  
  50  4:09  Probe  
  49  4:12  Oracle  
  49  4:15  Stalker  
  54  4:20  Nexus  
  54  4:21  Pylon  
  54  4:26  Probe x2  
  56  4:32  Assimilator  
  56  4:34  Assimilator  
  56  4:38  Probe x2  
  58  4:42  Adept x2  
  62  4:50  Probe x2  
  62  4:59  Twilight Council  
  62  5:01  Forge  
  62  5:02  Probe x2  
  62  5:06  Gateway  
  64  5:07  Gateway  
  64  5:08  Pylon  
  64  5:14  Probe  
  65  5:24  Probe (Chrono Boost)  
  65  5:25  Adept x2  
  65  5:27  Probe (Chrono Boost), Protoss Ground Weapons Level 1  
  71  5:31  Blink (Chrono Boost)  
  71  5:32  Probe (Chrono Boost)  
  69  5:36  Probe (Chrono Boost)  
  69  5:39  Probe (Chrono Boost)  
  69  5:42  Robotics Facility  
  71  5:43  Probe (Chrono Boost)  
  71  5:44  Probe (Chrono Boost)  
  71  5:45  Probe (Chrono Boost)  
  71  5:46  Stalker  
  71  5:47  Stalker  
  71  5:48  Probe (Chrono Boost)  
  78  5:50  Probe  
  78  5:53  Probe  
  80  5:59  Probe  
  80  6:02  Probe, Stalker x2  
  86  6:04  Pylon  
  86  6:05  Probe, Assimilator  
  86  6:11  Probe  
  88  6:12  Assimilator  
  88  6:16  Probe  
  88  6:17  Probe  
  88  6:18  Pylon  
  90  6:20  Pylon, Stalker  
  90  6:23  Probe  
  90  6:25  Shield Battery  
  93  6:29  Stalker x3  
  93  6:31  Observer  
  100  6:36  Robotics Bay  
  100  6:39  Robotics Facility  
  100  6:41  Pylon  
  100  6:50  Warp Prism (Chrono Boost)  
  102  6:56  Stalker x4  
  110  7:04  Gateway  
  110  7:07  Gateway  
  110  7:18  Nexus  
  110  7:26  Colossus x2  
  115  7:38  Stalker x4  
  105  7:57  Charge (Chrono Boost)  
  105  7:58  Stalker  
  105  7:59  Protoss Ground Weapons Level 2 (Chrono Boost)  
  105  8:00  Stalker  
  105  8:02  Nexus  
  109  8:08  Probe x2  
  109  8:09  Probe, Pylon  
  112  8:15  Pylon  
  112  8:16  Zealot, Photon Cannon  
  112  8:17  Pylon  
  114  8:24  Probe x3  
  117  8:27  Stalker x5  
  127  8:36  Photon Cannon, Colossus x2 (Chrono Boost)  
  127  8:40  Observer  
  139  8:41  Probe  
  139  8:46  Probe  
  139  8:47  Probe  
  139  8:48  Zealot  
  142  8:52  Extended Thermal Lance  
  142  8:56  Shield Battery  
  142  8:57  Photon Cannon  
  140  9:04  Probe x3  
  140  9:07  Templar Archives  
  143  9:14  Observer  
  143  9:15  Gateway  
  141  9:18  Probe x2, Gateway  
  141  9:20  Gateway  
  141  9:22  Gateway  
  141  9:24  Photon Cannon  
  143  9:25  Shield Battery  
  143  9:32  Probe x3  
  143  9:33  Probe, Assimilator x2  
  147  9:46  High Templar x6  
  147  9:49  Pylon  
  147  9:50  Pylon x2, Archon x3  
  147  9:51  Pylon  
  159  9:56  Photon Cannon  
  159  9:58  Immortal (Chrono Boost)  
  159  9:59  Probe, Shield Battery  
  160  10:01  Photon Cannon  
  164  10:07  Immortal (Chrono Boost)  
  168  10:18  High Templar, Pylon x2  
  168  10:19  High Templar  
  172  10:21  Pylon  
  172  10:22  Archon  
  172  10:25  High Templar x2  
  176  10:30  Zealot x4, Archon  
  176  10:31  Zealot x2  
  176  10:34  Immortal  
  186  10:43  Protoss Ground Weapons Level 3 (Chrono Boost)  
  186  10:48  Immortal  
  188  11:00  Shield Battery  
  188  11:02  Shield Battery  
  188  11:03  High Templar x2  
  188  11:04  Psionic Storm, Zealot x5  
  190  11:07  Archon  
  192  11:13  Immortal (Chrono Boost)  
  174  11:28  High Templar x2  
  176  11:33  High Templar  
  176  11:35  Nexus  
  176  11:36  Pylon  
  176  11:38  Pylon  
  176  11:39  Observer (Chrono Boost)  
  179  11:44  Photon Cannon  
  179  11:47  Zealot  
  179  11:49  Zealot  
  179  11:51  Immortal (Chrono Boost)  
  179  11:52  Immortal (Chrono Boost)  
  191  12:00  High Templar x2  
  195  12:03  Photon Cannon  
  195  12:04  Gateway  
  195  12:05  Gateway  
  195  12:08  Photon Cannon  
  193  12:10  Photon Cannon  
  193  12:11  Photon Cannon  
  193  12:13  Photon Cannon  
  193  12:15  Shield Battery  
  193  12:17  Shield Battery  
  193  12:18  Zealot x3  
  193  12:20  Shield Battery  
  193  12:22  Pylon  
  199  12:23  Warp Prism (Chrono Boost)  
  189  12:31  High Templar  
  189  12:32  High Templar x3  
  189  12:36  Archon x2  
  197  12:43  Gateway  
  197  12:44  Gateway  
  197  12:45  Gateway  
  197  12:47  Gateway  
  197  12:52  Stalker x4  
  199  13:01  High Templar  
  199  13:02  High Templar  
  199  13:04  Photon Cannon x2  
  197  13:06  Archon, Photon Cannon  
  197  13:15  Gateway, Photon Cannon  
  197  13:17  Gateway  
  197  13:18  Photon Cannon x2  
  197  13:39  Stalker  
  185  13:51  Stalker x9  
  185  13:52  Stalker  
  183  14:01  Stalker x3  
  183  14:02  Probe x4  
  185  14:03  Probe  
  185  14:04  Assimilator  
  185  14:07  Assimilator  
  184  14:10  High Templar x2  
  184  14:14  Archon  
  181  14:17  Stalker x6  
Tags
 
Add a new tag
Caveats
  • Supply blocks, unpowered buildings, or Contaminate may cause inaccurate times.
  • Supply counts are checked every 10 seconds.